 Dungeon Crawl Stone Soup version 0.26.1-11-gd32895ea62 (webtiles) character file.

Game seed: 5720551149597082206

203 Fusha the Sneak (level 6, -9/69 HPs)
             Began as a Human Brigand on June 3, 2021.
             Was an Initiate of Ru.
             Blown up by Ijyb (10 damage)
             ... with a disintegration bolt
             ... on level 3 of the Dungeon.
             The game lasted 00:20:15 (2978 turns).

Fusha the Sneak (Human Brigand)                     Turns: 2978, Time: 00:20:16

Health: -9/69      AC: 23    Str: 11    XL:     6   Next: 8%
Magic:  6/6        EV:  2    Int: 12    God:    Ru [......]
Gold:   117        SH:  0    Dex: 16    Spells: 5/5 levels left

rFire    . . .     SeeInvis .   g - +1 dagger (speed)
rCold    . . .     Faith    .   (no shield)
rNeg     + + +     Spirit   .   (armour currently unavailable)
rPois    +         Reflect  .   (helmet currently unavailable)
rElec    .         Harm     .   (cloak currently unavailable)
rCorr    .         Rampage  .   (gloves currently unavailable)
Will     .....     NoTele   +   (boots currently unavailable)
Stlth    +++.......             p - amulet of magic regeneration
HPRegen  0.21/turn              (no ring)
MPRegen  0.35/turn              (no ring)

@: mighty, tree-form
A: no striking features
a: Renounce Religion


You were on level 3 of the Dungeon.
You worshipped Ru.
Ru was noncommittal.
You were a tree.
You visited 1 branch of the dungeon, and saw 3 of its levels.

You collected 117 gold pieces.

Inventory:

Hand Weapons
 g - a +1 dagger of speed (weapon)
Missiles
 d - 19 poisoned darts (quivered)
 e - 2 curare-tipped darts
 f - 3 javelins
Armour
 b - a +0 robe
 c - a +0 cloak (melded)
 o - a +0 ring mail (melded)
Jewellery
 p - an amulet of magic regeneration (around neck)
Scrolls
 a - 2 scrolls of teleportation {unknown}
 k - a scroll of identify {unknown}
 l - 2 scrolls of amnesia {unknown}
 n - a scroll of fog {unknown}
 q - a scroll of remove curse {unknown}
 s - a scroll of blinking {unknown}
Potions
 m - a potion of brilliance {unknown}
 r - a potion of haste {unknown}


   Skills:
 + Level 2.6 Fighting
 + Level 3.3 Short Blades
 + Level 2.4 Throwing
 + Level 2.2 Dodging
 + Level 5.6 Stealth


You had 5 spell levels left.
You didn't know any spells.
Your spell library was empty.

Dungeon Overview and Level Annotations

Branches:
Dungeon (3/15)

Altars:
Ru

Annotations:
D:3 Ijyb


Message History

Ijyb is severely wounded.
Throw: 21 darts (poison)
Press: ? - help, Q - select action, (/) - cycle Shift-Dir - straight line, f/p - Ijyb
Aim: Ijyb, wielding a +0 dagger, wearing a +0 leather armour and carrying a wand of disintegration (14) (severely wounded, poisoned, 55% to hit)
You throw a poisoned dart. The poisoned dart closely misses Ijyb.
Ijyb hits you but does no damage.
Throw: 20 darts (poison)
Press: ? - help, Q - select action, (/) - cycle Shift-Dir - straight line, f/p - Ijyb
Aim: Ijyb, wielding a +0 dagger, wearing a +0 leather armour and carrying a wand of disintegration (14) (severely wounded, poisoned, 55% to hit)
You throw a poisoned dart. The poisoned dart hits Ijyb.
Ijyb looks even sicker.
Ijyb is severely wounded.
Ijyb hits you but does no damage.
You closely miss Ijyb.
Ijyb is severely wounded.
Ijyb zaps a wand.
You are blasted!
* * * LOW HITPOINT WARNING * * *
It was a potion of might.
You feel very mighty all of a sudden.
Ijyb zaps a wand.
You are blasted!
You die...

#.#
....K..g.<..#
#.# #.##
##....(.....#
#.# #..#
#.#.............
##.#
#.....(...####..
#.# ###.....###
#.# ##...## #.#
##.## #.# #g#
#)#########♣#
#...........# .
############# #


You could see Ijyb (very poisoned).

Vanquished Creatures
  An orc wizard (D:3)
  Terence (D:3)
  4 gnolls (D:3)
  2 adders (D:2)
  An ooze (D:3)
  3 worms
  2 dart slugs
  2 leopard geckos
  4 orcs (D:3)
  5 giant cockroaches
  8 goblins
  6 hobgoblins
  6 jackals
  A ball python (D:3)
  7 bats
  4 frilled lizards
  8 kobolds
  8 rats
73 creatures vanquished.

Vanquished Creatures (others)
  12 plants (D:3)
12 creatures vanquished.

Grand Total: 85 creatures vanquished

Notes
Turn   | Place    | Note
-------+----------+-------------------------------------------
     0 | D:1      | Fusha the Human Brigand began the quest for the Orb.
     0 | D:1      | Reached XP level 1. HP: 16/16 MP: 1/1
   169 | D:1      | Reached XP level 2. HP: 22/22 MP: 2/2
   554 | D:1      | Reached XP level 3. HP: 22/27 MP: 3/3
   949 | D:2      | Found a sacrificial altar of Ru.
   960 | D:2      | Became a worshipper of Ru the Awakened
  1012 | D:2      | Reached XP level 4. HP: 34/34 MP: 4/4
  1264 | D:2      | Reached skill level 5 in Stealth
  1697 | D:3      | Reached XP level 5. HP: 22/39 MP: 5/5
  1990 | D:3      | Noticed Terence
  2017 | D:3      | Killed Terence
  2451 | D:3      | Reached XP level 6. HP: 33/46 MP: 6/6
  2634 | D:3      | Found a faded altar of an unknown god.
  2755 | D:3      | Noticed Ijyb
  2977 | D:3      | HP: 1/69 [disintegration (18)]
  2978 | D:3      | Blown up by Ijyb

Illustrated notes

Levels and vault maps discovered:
D:1:      co_arrival_square_in_a_square_in_a_square, layout_rooms, st_stairs_11
D:2:      layout_rooms, nicolae_ru_awakened_eye
D:3:      layout_loops_ring, chequers_ecumenical_altar_lobes,
          cheibrodos_sewer_entry_bend, uniq_ijyb, uniq_terence

Skill      XL: |  1  2  3  4  5 |
---------------+----------------+-----
Stealth        | 5 |  5.6
Short Blades   | 3 |  3.3
Dodging        | 2 |  2.2
Fighting       | |  2.6
Throwing       | |  2.4

Action                   |  1- 3 |  4- 6 || total
-------------------------+-------+-------++-------
Melee: Dagger            |   117 |   210 ||   327
Throw: Javelin           |     1 |     3 ||     4
       Dart              |       |    30 ||    30
  Use: Potion            |       |     4 ||     4
 Stab: Sleeping          |    11 |     7 ||    18
       Distracted        |     1 |       ||     1
Armor: Robe              |    25 |     4 ||    29
       Ring mail         |       |    18 ||    18
       Skin              |       |    11 ||    11
Dodge: Dodged            |    74 |    66 ||   140
